 Dungeon Crawl Stone Soup version 0.25-a0-105-g2289b3b9f1 (webtiles) character file.

Game seed: 4980813836569016361, levelgen mode: deterministic

509524 mokwee the Hoplite (level 24, -1/225 HPs)
             Began as a Minotaur Fighter on Nov 15, 2019.
             Was the Champion of Trog.
             Killed from afar by an acid blob (4 damage)
             ... with a splash of acid
             ... created by the Royal Jelly
             ... on level 5 of the Pits of Slime on Nov 16, 2019.
             The game lasted 12:57:00 (57210 turns).

mokwee the Hoplite (Minotaur Fighter)              Turns: 57210, Time: 12:57:01

Health: -1/225     AC: 10    Str: 28 (29) XL:     24   Next: 28%
Magic:  34/36      EV: 20    Int:  8 (9)  God:    Trog [******]
Gold:   5370       SH: 27    Dex: 17      Spells: 23/23 levels left

rFire    + + .     SeeInvis +   s - +3 hand crossbow "Ultimatum" {velocity, +Blink rPois rF+}
rCold    . . .     Gourm    .   U - +1 shield {AC+3}
rNeg     + . .     Faith    .   S - +5 faerie dragon scales {+Inv rCorr MP+9 Str-3}
rPois    +         Spirit   .   g - +2 hat {MR+}
rElec    +         Reflect  +   p - +2 cloak {MR+}
rCorr    +         Harm     .   Z - +2 pair of gloves {Dex+3}
MR       +++..     Rnd*Rage +   M - +0 pair of boots Stlth +++.......Rnd*Tele +
                                X - amulet of Dibasam {Reflect rElec rF+ Int+4 SH+6 SInv}
HPRegen  0.47/turn              N - ring of positive energy
MPRegen  0.25/turn              (no ring)

@: mighty, corroded, very slightly contaminated, invisible
A: retaliatory headbutt, horns 2, berserk 1, blurry vision 1, clumsy 1, deformed
body, deterioration 1, teleportitis 1, wild magic 1
}: 2/15 runes: decaying, serpentine
a: Berserk, Trog's Hand, Brothers in Arms, Renounce Religion, Evoke Blink


You were on level 5 of the Pits of Slime.
You worshipped Trog.
Trog was exalted by your worship.
You were hungry.

You visited 10 branches of the dungeon, and saw 47 of its levels.
You visited the Abyss 1 time.
You also visited: Gauntlet, Ice Cave and Wizlab.

You collected 6284 gold pieces.
You spent 914 gold pieces at shops.

Inventory:

Hand Weapons
 a - the +8 spear of Utycoala {protect, rElec rC+}
   (You took it off a wight on level 11 of the Dungeon)

   It grants its wielder temporary protection when it strikes (+7 to AC).
   It protects you from cold.
   It insulates you from electricity.
 o - a +9 vampiric broad axe
 q - a +4 antimagic scimitar
 s - the +3 hand crossbow "Ultimatum" (weapon) {velocity, +Blink rPois rF+}
   (You found it on level 3 of the Elven Halls)

   Any bolt fired from it inflicts extra damage.
   It protects you from fire.
   It protects you from poison.
   It lets you blink.
 t - the +2 morningstar of the Bouncing Blessings {speed, +Inv rElec}
   (You found it on level 3 of the Elven Halls)

   Attacks with this weapon are significantly faster.
   It insulates you from electricity.
   It lets you turn invisible.
 z - a +4 falchion of freezing
 F - the +7 spear "Econ" {flame, rElec}
   (You took it off an orc on level 4 of the Dungeon)

   It has been specially enchanted to burn those struck by it, causing extra
   injury to most foes and up to half again as much damage against particularly
   susceptible opponents.
   It insulates you from electricity.
 P - a +5 scimitar of holy wrath
 R - the +8 dagger of Deformation {venom, +Fly}
   (You found it on level 3 of the Elven Halls)

   It poisons the flesh of those it strikes.
   It lets you fly.
 V - a +6 broad axe of electrocution
Missiles
 l - 807 bolts (quivered)
 B - 4 javelins
 E - 6 silver boomerangs
Armour
 b - a +6 plate armour of fire resistance
 c - a +5 shield
 g - a +2 hat of magic resistance (worn)
 k - a +0 cloak of poison resistance
 p - a +2 cloak of magic resistance (worn)
 r - a +6 chain mail of magic resistance
 M - a +0 pair of boots (worn)
 S - the +5 faerie dragon scales (worn) {+Inv rCorr MP+9 Str-3}
   (You took it off the Enchantress on level 1 of the Depths)

   It affects your strength (-3).
   It affects your magic capacity (+9).
   It lets you turn invisible.
   It provides partial protection from all sources of acid and corrosion.
 U - a +1 shield of protection (worn)
 W - a +6 scale mail of cold resistance
 Z - a +2 pair of gloves of dexterity (worn)
Jewellery
 i - the ring "Ishufoari" {Fire rN+ Dex+5}
   (You found it on level 3 of the Elven Halls)

   [ring of fire]

   It enhances your fire magic.
   It affects your dexterity (+5).
   It protects you from fire.
   It makes you vulnerable to cold.
   It protects you from negative energy.
 N - a ring of positive energy (left hand)
 X - the amulet of Dibasam (around neck) {Reflect rElec rF+ Int+4 SH+6 SInv}
   (You found it on level 6 of the Lair of Beasts)

   [amulet of reflection]

   It shields you and reflects attacks.
   It affects your intelligence (+4).
   It protects you from fire.
   It insulates you from electricity.
   It lets you see invisible.
   It affects your SH (+6).
 Y - the amulet of Koefauv {Gourm rN+ Dex+2}
   (You bought it in a shop on level 2 of the Orcish Mines)

   [amulet of the gourmand]

   It allows you to eat raw meat even when not hungry.
   It affects your dexterity (+2).
   It protects you from negative energy.
Wands
 u - a wand of polymorph (8)
 x - a wand of enslavement (6)
 A - a wand of paralysis (31)
 I - a wand of disintegration (36)
 J - a wand of flame (139)
Scrolls
 e - 10 scrolls of magic mapping
 j - 5 scrolls of identify
 n - 13 scrolls of teleportation
 v - 14 scrolls of remove curse
 w - 2 scrolls of silence
 y - 4 scrolls of summoning
 K - 10 scrolls of fear
 O - 3 scrolls of fog
Potions
 d - a potion of might
 h - 12 potions of curing
 C - 3 potions of cancellation
 D - 4 potions of haste
 H - 2 potions of agility
 L - 3 potions of resistance
Miscellaneous
 m - a lightning rod (4/4)
 G - a lamp of fire
 Q - a phial of floods
Comestibles
 f - 25 rations


   Skills:
 + Level 20.3 Fighting
 + Level 2.3(9.6) Short Blades
 + Level 15.1(15.2) Long Blades
 + Level 18.8(21.4) Axes
 + Level 11.2(16.1) Maces & Flails
 + Level 15.8(19.2) Polearms
   Level 1.3(3.8) Slings
 + Level 2.2 Crossbows
 + Level 5.2(5.3) Throwing
 + Level 15.5 Armour
 + Level 11.6 Dodging
 + Level 4.4 Stealth
 + Level 26.9 Shields
 + Level 7.3 Evocations


You had 23 spell levels left.
You didn't know any spells.
Your spell library was empty.

Dungeon Overview and Level Annotations

Branches:
Dungeon (15/15)            Temple (0/1) D:6            Lair (6/6) D:10
  Swamp (4/4) Lair:3        Snake (4/4) Lair:2        Slime (5/5) Lair:6
    Orc (2/2) D:10            Elf (3/3) Orc:2        Vaults (4/5) D:14
  Crypt (3/3) Vaults:3       Tomb (0/3) Crypt:3      Depths (1/5) D:15
  IceCv (visited)          WizLab (visited)         Gauntlet (visited)

Altars:
Ashenzari
Cheibriados
Fedhas
Hepliaklqana
Nemelex Xobeh
Ru
Trog
Vehumet
Xom
Yredelemnul
The Shining One

Shops:
D:9 ?   Orc:2 [*:(   Elf:1 !(   Vaults:3 *

Portals:
Pandemonium: Depths:1
Trove: Vaults:2 (give 12 potions of heal wounds)

Annotations:
Slime:5 Royal Jelly


Innate Abilities, Weirdness & Mutations

You reflexively headbutt those who attack you in melee.
You have a pair of horns on your head.
You tend to lose your temper in combat.
Scrolls take you a little longer to read.
You are clumsy. (Dex -2)
Armour fits poorly on your strangely shaped body.
Your body sometimes deteriorates upon taking damage.
You are occasionally teleported next to monsters.
Your spells are a little harder to cast, but a little more powerful.


Message History

You are splashed with acid!
You resist.
* * * LOW HITPOINT WARNING * * *
Found a stone staircase leading up.
You fade into invisibility!
You are very lightly contaminated with residual magic.
You are feeling hungry.
The acid blob spits acid at you.
The splash of acid reflects off an invisible shield around you!
The splash of acid hits the acid blob.
The acid blob completely resists.
The acid blob spits acid at you.
The splash of acid reflects off an invisible shield around you!
The splash of acid hits the acid blob.
The acid blob completely resists.
The acid blob spits acid at you. The splash of acid hits you. You resist.
* * * LOW HITPOINT WARNING * * *
You are splashed with acid.
You resist.
* * * LOW HITPOINT WARNING * * *
The acid blob spits acid at you. The splash of acid hits you. You resist.
You die...

###....#####
##.....#..#.
##..........###
#.............#######
#.......<........#...##
......................##
.......................#
.......@...............#
........................
........................
........................
...........J............
.........JJ.............
........JG.JJ...........
..........JJ............
........................


You could see the Royal Jelly, 5 acid blobs, 2 azure jellies and an eye of
devastation.

Vanquished Creatures
  Frederick (Vaults:3)
  Nikola (Elf:2)
  A profane servitor (Crypt:3)
  the Enchantress (Depths:1)
  A lich (Abyss:3)
  A bone dragon (Crypt:3)
  A Cloud Mage (WizLab)
  The ghost of Leoronai the Impregnable, an adept MiBe of Trog (Elf:2)
  Rupert (Lair:4)
  2 deep elf blademasters (Elf:3)
  19 acid blobs
  A titan (Vaults:4)
  2 ancient champions (Crypt:1)
  A sphinx (Vaults:4)
  Gastronok (Lair:3)
  Kirke (Swamp:2)
  5 thorn hunters
  Agnes (Vaults:3)
  2 tengu reavers
  Roxanne (Snake:1)
  The ghost of Hurghodin the Severer, an adept DsBe of Trog (Swamp:3)
  5 revenants
  8 azure jellies
  8 deep elf sorcerers
  7 nagarajas
  2 fire giants
  5 ghouls (Crypt:3)
  5 vault wardens
  A frost giant (D:15)
  Aizul (Snake:3)
  Louise (D:15)
  15 ironheart preservers
  3 curse skulls
  A very ugly thing (Swamp:3)
  4 spriggan defenders
  4 stone giants
  3 vampire knights
  3 entropy weavers
  A lorocyproca (Depths:1)
  5 deep elf demonologists
  A minotaur (shapeshifter) (D:15)
  A dire elephant (Gauntlet)
  7 deep elf annihilators
  A minotaur (Gauntlet)
  2 spark wasps (WizLab)
  2 ettins
  6 eidola (Crypt:3)
  5 blizzard demons (WizLab)
  6 deep elf death magi
  3 quicksilver dragon zombies
  3 deep elf high priests
  A crystal guardian (D:15)
  A mummy priest (Crypt:3)
  4 death oozes
  6 jiangshi
  Josephine (D:12)
  33 hydras
  3 great orbs of eyes
  A rakshasa (Depths:1)
  11 vault guards
  4 fire dragons
  7 yaktaur captains
  8 naga warriors
  6 spriggan air magi
  5 ghost crabs
  An alligator snapping turtle (shapeshifter) (Vaults:3)
  6 centaur warriors
  24 anacondas
  35 two-headed ogres
  17 alligators
  2 shambling mangroves
  5 deep troll shamans
  6 death knights
  10 ogre magi
  A titan zombie (Crypt:3)
  6 death yaks (Lair:6)
  4 vampire magi
  10 hell hogs (Abyss:3)
  30 dancing weapons
  4 tengu warriors
  A hell knight (D:15)
  13 naga sharpshooters
  9 thrashing horrors
  4 deep troll earth magi
  10 shock serpents
  6 orc high priests
  A spriggan berserker (Depths:1)
  A storm dragon zombie (Crypt:3)
  24 deep elf knights
  A soul eater (Abyss:3)
  23 skeletal warriors
  Sonja (D:11)
  A salamander mystic (Snake:2)
  2 iron trolls (Depths:1)
  An unseen horror (shapeshifter) (D:14)
  5 wizards
  2 anaconda zombies
  5 glowing orange brains
  A spatial maelstrom (Abyss:3)
  5 death drakes (WizLab)
  4 spriggan druids (Swamp:4)
  A death drake (shapeshifter) (Elf:2)
  8 naga ritualists
  14 deep trolls
  6 unseen horrors
  A ghost moth zombie (Crypt:3)
  3 lindwurms
  10 flayed ghosts
  4 harpies (Vaults:3)
  A lindwurm (shapeshifter) (Vaults:1)
  A shadow dragon zombie (Crypt:3)
  A swamp dragon (shapeshifter) (D:15)
  8 swamp dragons
  A harpy (shapeshifter) (D:15)
  24 phantasmal warriors
  6 ironbrand convokers
  18 deep elf archers
  3 orb spiders (Abyss:3)
  2 large abominations (Abyss:3)
  A mana viper (shapeshifter) (D:15)
  2 necromancers (Vaults:3)
  2 wolf spider zombies (Crypt:3)
  72 deep elf magi
  2 frost giant zombies
  A sphinx zombie (Vaults:3)
  2 stone giant zombies (Crypt:3)
  4 shining eyes
  3 wolf spiders
  15 mana vipers
  16 orc knights
  An iron dragon zombie (Crypt:3)
  31 ugly things
  2 manticores
  7 orc sorcerers
  4 cyclopes
  7 salamanders
  5 elephants
  36 black mambas
  A smoke demon (Abyss:3)
  12 guardian serpents
  11 naga magi
  2 ice statues (IceCv)
  13 spiny frogs
  10 vault sentinels
  A spiny frog (shapeshifter) (D:15)
  2 eyes of devastation
  3 centaur skeletons
  A gargoyle (D:13)
  An apocalypse crab (WizLab)
  An emperor scorpion zombie (Crypt:2)
  An efreet (D:14)
  A rime drake (Lair:4)
  15 yaktaurs
  3 kobold demonologists
  An orc skeleton (Vaults:3)
  3 ancient zymes (Abyss:3)
  11 freezing wraiths
  A yaktaur zombie (Vaults:3)
  11 komodo dragons
  2 ice devils (D:12)
  3 tengu conjurers
  6 trolls
  2 guardian mummies (Crypt:3)
  A troll (shapeshifter) (Vaults:1)
  A catoblepas skeleton (Crypt:2)
  A jumping spider (shapeshifter) (Vaults:2)
  A meliai (D:14)
  5 jumping spiders (Crypt:3)
  16 hornets
  3 raiju (Abyss:3)
  A wind drake (shapeshifter) (Vaults:3)
  2 wind drakes (WizLab)
  3 polar bears
  A guardian serpent zombie (Crypt:1)
  A wolf spider simulacrum (Gauntlet)
  A raiju (shapeshifter) (Vaults:2)
  13 blink frogs
  7 tyrant leeches
  109 slime creatures
  7 dream sheep
  8 bog bodies
  12 hippogriffs
  An alligator zombie (Crypt:3)
  A black mamba zombie (Crypt:3)
  8 redbacks
  A stone giant simulacrum (Vaults:3)
  A centaur simulacrum (D:15)
  A meliai zombie (D:15)
  24 spriggans
  A tarantella (Vaults:1)
  9 air elementals
  4 flying skulls (Crypt:1)
  13 wraiths
  7 shadows
  31 yaks
  A tarantella (shapeshifter) (D:15)
  A human (shapeshifter) (Vaults:4)
  2 water elementals (Elf:2)
  An ushabti (Crypt:3)
  3 wyverns
  A human (D:14)
  A basilisk (Lair:4)
  Grum (D:8)
  4 hogs (Swamp:2)
  5 fire elementals
  2 hungry ghosts
  A neqoxec (Abyss:3)
  16 golden eyes
  13 swamp worms
  3 wargs
  27 vampire mosquitoes
  A harpy simulacrum (Gauntlet)
  38 nagas
  3 acid dragons
  16 insubstantial wisps
  Edmund (D:4)
  A spiny frog zombie (Abyss:3)
  9 water moccasins
  4 porcupines
  16 swamp drakes
  6 sky beasts
  9 black bears
  An ice dragon simulacrum (Gauntlet)
  39 orc warriors
  11 ice beasts
  10 eyes of draining
  26 ogres
  14 necrophages
  5 phantoms
  24 wolves
  17 centaurs
  2 manticore zombies (Crypt:3)
  A torpor snail zombie (Crypt:1)
  12 boggarts
  A human zombie (Vaults:3)
  A manticore skeleton (Crypt:2)
  2 small abominations (Abyss:3)
  A swamp dragon skeleton (Abyss:3)
  2 big kobolds (D:12)
  8 crocodiles
  An elf skeleton (Vaults:3)
  18 bullfrogs
  An elf zombie (Crypt:3)
  7 earth elementals
  A gnoll sergeant (Orc:1)
  A wyvern zombie (D:12)
  A yaktaur skeleton (Crypt:2)
  5 wyvern skeletons
  A hornet simulacrum (Gauntlet)
  3 scorpions
  11 killer bees
  20 wights
  2 howler monkeys
  5 electric eels
  5 centaur zombies
  A bullfrog zombie (D:13)
  13 crimson imps
  6 starcursed masses (Abyss:3)
  A wyvern simulacrum (Gauntlet)
  3 jellies
  3 quasits (D:9)
  A human simulacrum (Vaults:3)
  7 hounds
  23 orc priests
  2 bullfrog skeletons
  Ijyb (D:3)
  4 hell rats (Lair:6)
  5 iguanas
  11 worker ants
  Natasha (thrice) (D:3)
  27 orc wizards
  A porcupine skeleton (Crypt:2)
  A killer bee zombie (D:9)
  A naga zombie (Crypt:3)
  2 hound skeletons
  A howler monkey skeleton (D:11)
  A worker ant zombie (D:9)
  13 adders
  9 gnolls
  3 shadow imps
  A white imp (Abyss:3)
  An ooze (D:1)
  2 adder zombies
  3 worms
  4 dart slugs
  8 leopard geckos
  106 orcs
  7 giant cockroaches
  11 goblins
  8 hobgoblins
  4 jackals (D:1)
  19 kobolds
  6 quokkas
  A ball python (D:1)
  8 bats
  4 frilled lizards
  A frilled lizard skeleton (Crypt:1)
  A giant cockroach zombie (D:5)
  A gnoll skeleton (Crypt:1)
  A hobgoblin zombie (D:9)
  A jackal skeleton (D:6)
  A jackal zombie (D:8)
  2 kobold skeletons (D:9)
  3 kobold zombies (D:9)
  2 orc zombies
  A quokka skeleton (D:3)
  11 rats
  A briar patch (Swamp:2)
  5 crawling corpses (Elf:3)
  A fungus (Lair:3)
  2 plants
  4 withered plants (Crypt:3)
2094 creatures vanquished.

Vanquished Creatures (collateral kills)
  A deep elf blademaster (Elf:3)
  An orc warlord (Orc:2)
  A deep elf high priest (Elf:3)
  2 centaur warriors
  An orc knight (Orc:2)
  2 naga ritualists (Snake:4)
  A deep elf mage (Elf:3)
  A naga mage (Snake:4)
  A rime drake (Lair:2)
  A dream sheep (Lair:3)
  A water moccasin (Lair:2)
  A porcupine (Lair:2)
  An orc warrior (Orc:2)
  A bullfrog (Lair:2)
16 creatures vanquished.

Vanquished Creatures (others)
  Vashnia (Snake:3)
  A lich (Vaults:4)
  Asterion (Snake:2)
  4 deep elf master archers (Elf:3)
  A stone giant (Vaults:1)
  An ironheart preserver (Vaults:4)
  A spark wasp (WizLab)
  A yaktaur captain (D:15)
  A spriggan air mage (WizLab)
  An alligator (Swamp:2)
  A two-headed ogre (Vaults:4)
  A shock serpent (WizLab)
  3 naga sharpshooters
  3 deep elf knights
  A small abomination (Elf:3)
  6 deep elf archers
  3 deep elf magi
  2 orc knights
  2 guardian serpents (Snake:4)
  2 yaktaurs (D:14)
  A tyrant leech (Swamp:1)
  3 water elementals (Elf:2)
  An air elemental (Elf:2)
  2 swamp worms (Swamp:4)
  3 centaurs
  A kobold (D:12)
  4 briar patches (Swamp:2)
  A bush (Lair:6)
  A crawling corpse (Elf:3)
  17 fungi
  A lurking horror (Abyss:3)
  5 plants
77 creatures vanquished.

Grand Total: 2187 creatures vanquished

Notes
Turn   | Place    | Note
-------+----------+-------------------------------------------
     0 | D:1      | mokwee the Minotaur Fighter began the quest for the Orb.
     0 | D:1      | Reached XP level 1. HP: 19/19 MP: 0/0
    78 | D:1      | Reached XP level 2. HP: 17/27 MP: 1/1
   122 | D:1      | Reached skill level 4 in Shields
   344 | D:1      | Reached XP level 3. HP: 33/33 MP: 2/2
  1174 | D:2      | Reached XP level 4. HP: 40/40 MP: 3/3
  1218 | D:2      | Found a radiant altar of Vehumet.
  2369 | D:3      | Found a shimmering altar of Xom.
  2420 | D:3      | Noticed Natasha
  2426 | D:3      | Killed Natasha
  2426 | D:3      | Reached XP level 5. HP: 42/46 MP: 4/4
  2450 | D:3      | Noticed Ijyb
  2453 | D:3      | Paralysed by Ijyb for 6 turns
  2460 | D:3      | Killed Ijyb
  2557 | D:3      | Noticed Natasha
  2567 | D:3      | Killed Natasha
  2567 | D:3      | Reached skill level 5 in Shields
  2718 | D:3      | Found a faded altar of an unknown god.
  2731 | D:3      | Noticed Natasha
  2736 | D:3      | Killed Natasha
  2736 | D:3      | Reached skill level 1 in Dodging
  2911 | D:2      | Found a blossoming altar of Fedhas.
  3000 | D:4      | Reached skill level 5 in Long Blades
  3000 | D:4      | Reached XP level 6. HP: 52/52 MP: 5/5
  3035 | D:4      | Reached skill level 5 in Armour
  3109 | D:4      | Reached XP level 7. HP: 40/60 MP: 6/6
  3209 | D:4      | Identified the +7 spear "Econ" {flame, rElec}
  3228 | D:4      | Reached skill level 6 in Shields
  3397 | D:4      | Noticed Edmund
  3397 | D:4      | Found a blossoming altar of Fedhas.
  3402 | D:4      | Reached skill level 5 in Fighting
  3430 | D:4      | Killed Edmund
  3430 | D:4      | Reached skill level 1 in Polearms
  3430 | D:4      | Reached skill level 1 in Slings
  3784 | D:4      | Reached XP level 8. HP: 69/69 MP: 7/7
  4043 | D:5      | Entered Level 5 of the Dungeon
  4119 | D:5      | Reached skill level 7 in Shields
  4745 | D:6      | Reached skill level 5 in Polearms
  4991 | D:6      | Found a bloodstained altar of Trog.
  5069 | D:6      | Reached XP level 9. HP: 75/75 MP: 8/8
  5384 | D:6      | Found a staircase to the Ecumenical Temple.
  6056 | D:7      | Found a shimmering altar of Xom.
  6178 | D:6      | Became a worshipper of Trog the Wrathful
  6533 | D:8      | Noticed Grum
  6542 | D:8      | Reached skill level 1 in Stealth
  6557 | D:8      | Reached skill level 8 in Shields
  6562 | D:8      | Killed Grum
  6577 | D:8      | Reached * piety under Trog
  6963 | D:8      | Found a snail-covered altar of Cheibriados.
  7049 | D:8      | Reached XP level 10. HP: 83/84 MP: 9/9
  7195 | D:9      | Found a glowing golden altar of the Shining One.
  7198 | D:9      | Reached ** piety under Trog
  7301 | D:9      | Reached skill level 9 in Shields
  7347 | D:9      | Reached skill level 10 in Polearms
  7498 | D:9      | Noticed a cyclops
  7505 | D:9      | Killed a cyclops
  7558 | D:9      | Reached *** piety under Trog
  7571 | D:9      | Found a shattered altar of Ashenzari.
  7654 | D:9      | Found Janinkit's Magic Scroll Boutique.
  7662 | D:9      | Bought a scroll of magic mapping for 45 gold pieces
  7662 | D:9      | Bought a scroll of identify for 26 gold pieces
  7662 | D:9      | Bought a scroll of identify for 26 gold pieces
  7673 | D:9      | Found a hazy altar of Hepliaklqana.
  7793 | D:9      | Reached skill level 10 in Shields
  8259 | D:10     | Entered Level 10 of the Dungeon
  8337 | D:10     | Reached skill level 5 in Dodging
  8338 | D:10     | Reached XP level 11. HP: 92/92 MP: 8/10
  8350 | D:10     | Found a staircase to the Orcish Mines.
  8526 | D:10     | Found a staircase to the Lair.
  8875 | Lair:1   | Entered Level 1 of the Lair of Beasts
  8908 | Lair:1   | Reached **** piety under Trog
  8969 | Lair:1   | Noticed a five-headed hydra
  8977 | Lair:1   | Killed a five-headed hydra
  8977 | Lair:1   | Reached skill level 10 in Armour
  9612 | Lair:2   | Reached skill level 1 in Throwing
  9790 | Lair:2   | Found a staircase to the Snake Pit.
 10243 | Lair:2   | Reached skill level 11 in Shields
 10314 | Lair:2   | Noticed a lindwurm
 10323 | Lair:2   | Killed a lindwurm
 10351 | Lair:2   | Noticed a lindwurm
 10362 | Lair:2   | Killed a lindwurm
 10362 | Lair:2   | Reached XP level 12. HP: 102/104 MP: 11/11
 10693 | Lair:3   | Noticed Gastronok
 10711 | Lair:3   | Killed Gastronok
 10826 | Lair:3   | Noticed a seven-headed hydra
 10835 | Lair:3   | Killed a seven-headed hydra
 10835 | Lair:3   | Reached skill level 12 in Shields
 11306 | Lair:3   | Found a staircase to the Swamp.
 11539 | Lair:4   | Noticed a five-headed hydra
 11545 | Lair:4   | Killed a five-headed hydra
 11623 | Lair:4   | Noticed Rupert
 11633 | Lair:4   | Killed Rupert
 11633 | Lair:4   | Reached skill level 13 in Shields
 11694 | Lair:4   | Reached skill level 10 in Fighting
 12609 | Lair:5   | Reached XP level 13. HP: 113/113 MP: 12/12
 12706 | Lair:5   | Reached skill level 14 in Shields
 13371 | Lair:6   | Entered Level 6 of the Lair of Beasts
 13422 | Lair:6   | Reached skill level 15 in Shields
 13671 | Lair:6   | Reached ***** piety under Trog
 13784 | Lair:6   | Received a gift from Trog
 14053 | Lair:6   | Reached skill level 1 in Evocations
 14053 | Lair:6   | Reached XP level 14. HP: 124/124 MP: 13/13
 14095 | Lair:6   | Reached skill level 16 in Shields
 14141 | Lair:6   | Received a gift from Trog
 14208 | Lair:6   | Got a twitching diamond amulet
 14209 | Lair:6   | Identified the amulet of Dibasam {Reflect rElec rF+ Int+4
                  | SH+6 SInv} (You found it on level 6 of the Lair of Beasts)
 14288 | Lair:6   | Found a staircase to the Slime Pits.
 14576 | Snake:1  | Entered Level 1 of the Snake Pit
 14629 | Snake:1  | Reached skill level 1 in Maces & Flails
 14867 | Snake:1  | Identified Roxanne's Incunabulum of the Mountains
 14867 | Snake:1  | Noticed Roxanne
 14885 | Snake:1  | Killed Roxanne
 15390 | Snake:1  | Received a gift from Trog
 15440 | Snake:1  | Reached skill level 5 in Maces & Flails
 15777 | Swamp:1  | Entered Level 1 of the Swamp
 16066 | Swamp:1  | Reached skill level 17 in Shields
 16567 | Swamp:1  | Received a gift from Trog
 16973 | Swamp:1  | Reached XP level 15. HP: 130/132 MP: 15/15
 17177 | Swamp:2  | Reached skill level 15 in Polearms
 17257 | Swamp:2  | Noticed a thorn hunter
 17286 | Swamp:2  | Killed a thorn hunter
 17377 | Swamp:2  | Reached ****** piety under Trog
 17377 | Swamp:2  | Received a gift from Trog
 17467 | Swamp:2  | Noticed Kirke
 17490 | Swamp:2  | Reached skill level 18 in Shields
 17502 | Swamp:2  | Killed Kirke
 17943 | Swamp:2  | Noticed a thorn hunter
 17960 | Swamp:2  | Killed a thorn hunter
 18472 | Orc:1    | Entered Level 1 of the Orcish Mines
 19162 | Orc:2    | Entered Level 2 of the Orcish Mines
 19503 | Orc:2    | Received a gift from Trog
 19530 | Orc:2    | Found Keyro's Antique Weapon Emporium.
 19680 | Orc:2    | Found Val Imir's General Store.
 19688 | Orc:2    | Bought the amulet of Koefauv {Gourm rN+ Dex+2} for 635 gold
                  | pieces
 19688 | Orc:2    | Bought a scroll of enchant weapon for 105 gold pieces
 19708 | Orc:2    | Found a staircase to the Elven Halls.
 19764 | Orc:2    | Found Quriop Hum's Book Shoppe.
 19964 | Orc:2    | Noticed an orc warlord
 19964 | Orc:2    | Found Diliwken's Antique Armour Emporium.
 20008 | Orc:2    | Killed an orc warlord
 21221 | Snake:2  | Noticed a nagaraja
 21241 | Snake:2  | Killed a nagaraja
 21241 | Snake:2  | Reached XP level 16. HP: 117/144 MP: 5/16
 21267 | Snake:2  | Received a gift from Trog
 21289 | Snake:2  | Got a dazzling chain mail
 21358 | Snake:2  | Identified the +6 chain mail of a sewer {rElec Int+6 Dex-3}
                  | (You found it on level 2 of the Snake Pit)
 21401 | Snake:2  | Reached skill level 19 in Shields
 21830 | Snake:3  | Noticed Asterion
 21843 | Snake:2  | Killed Asterion
 21949 | Snake:3  | Noticed Vashnia
 21990 | Snake:3  | Killed Vashnia
 22371 | Snake:3  | Noticed Aizul
 22418 | Snake:3  | Killed Aizul
 23152 | Snake:4  | Entered Level 4 of the Snake Pit
 23176 | Snake:3  | Received a gift from Trog
 23401 | Snake:4  | Reached skill level 1 in Axes
 23401 | Snake:4  | Reached skill level 10 in Maces & Flails
 24279 | Snake:4  | Reached skill level 20 in Shields
 24431 | Snake:4  | Reached XP level 17. HP: 116/152 MP: 17/17
 24931 | Snake:4  | Reached skill level 10 in Long Blades
 24942 | Snake:4  | Received a gift from Trog
 24973 | Snake:4  | HP: 7/152 [poisoned by a nagaraja (splash of poison)]
 24978 | Snake:4  | HP: 7/152 [poisoned by a nagaraja (splash of poison)]
 24981 | Snake:4  | HP: 3/152 [anaconda (3)]
 25503 | Snake:4  | Reached skill level 5 in Axes
 25588 | Snake:4  | Got a serpentine rune of Zot
 26137 | Swamp:3  | Found a runed translucent door.
 26140 | Swamp:3  | Noticed Hurghodin's ghost (adept DsBe)
 26181 | Swamp:3  | Killed Hurghodin's ghost
 26194 | Swamp:3  | Got a translucent arbalest
 26200 | Swamp:3  | Identified the +10 arbalest of the Thing {flame, Dex+4}
                  | (You found it on level 3 of the Swamp)
 26324 | Swamp:3  | Received a gift from Trog
 26777 | Swamp:4  | Entered Level 4 of the Swamp
 27267 | Swamp:4  | Received a gift from Trog
 27307 | Swamp:4  | Reached XP level 18. HP: 127/162 MP: 19/19
 27315 | Swamp:4  | Reached skill level 21 in Shields
 27364 | Swamp:4  | Got a decaying rune of Zot
 28198 | D:11     | Got a translucent ring mail
 28199 | D:11     | Identified the +5 ring mail of the Wasteland {Int+6} (You
                  | found it on level 11 of the Dungeon)
 28284 | D:11     | Noticed Sonja
 28292 | D:11     | Killed Sonja
 28391 | D:11     | Identified the +8 spear of Utycoala {protect, rElec rC+}
 28486 | D:11     | Found a sparkling altar of Nemelex Xobeh.
 28787 | D:12     | Found a frozen archway.
 28810 | IceCv    | Entered an ice cave
 28812 | IceCv    | Found a transporter.
 28887 | IceCv    | Found a transporter.
 29010 | D:12     | Noticed Josephine
 29024 | D:12     | Killed Josephine
 29035 | D:12     | Found a sacrificial altar of Ru.
 29091 | D:12     | Found a gate leading to a gauntlet.
 29096 | Gauntlet | Entered a Gauntlet
 29096 | Gauntlet | Found a transporter.
 29096 | Gauntlet | Found a transporter.
 29096 | Gauntlet | Found a transporter.
 29096 | Gauntlet | Found a transporter.
 29100 | Gauntlet | Found a transporter.
 29102 | Gauntlet | Found a transporter.
 29114 | Gauntlet | Found a transporter.
 29115 | Gauntlet | Found a transporter.
 29124 | Gauntlet | Found a transporter.
 29227 | Gauntlet | Found a transporter.
 29231 | Gauntlet | Found a transporter.
 29241 | Gauntlet | Found a transporter.
 29312 | Gauntlet | Reached skill level 15 in Fighting
 29463 | Gauntlet | Identified the cursed +0 glaive "Cera" {holy, rF+ rN+}
 29492 | Gauntlet | Identified the Almanac of Displacement
 29516 | Gauntlet | Got a spiked shield
 29527 | Gauntlet | Identified the +4 shield of the Gate {Int+4} (You found it
                  | in a Gauntlet)
 29615 | D:12     | Received a gift from Trog
 30414 | D:13     | Found a shimmering altar of Xom.
 30958 | D:14     | Received a gift from Trog
 30994 | D:14     | Reached skill level 10 in Axes
 31536 | D:14     | Found a gate to the Vaults.
 31826 | Elf:1    | Entered Level 1 of the Elven Halls
 31880 | Elf:1    | Received a gift from Trog
 32035 | Elf:1    | Found Ofozobli's Antique Weapon Shoppe.
 32035 | Elf:1    | Found Fatevol's Distillery.
 32773 | Elf:2    | Reached XP level 19. HP: 141/172 MP: 20/20
 32783 | Elf:2    | Found a runed translucent gate.
 32784 | Elf:2    | Found a runed translucent gate.
 32785 | Elf:2    | Found a runed translucent gate.
 32883 | Elf:2    | Found a runed translucent gate.
 32883 | Elf:2    | Found a runed translucent gate.
 32892 | Elf:2    | Reached skill level 22 in Shields
 32948 | Elf:2    | Received a gift from Trog
 33094 | Elf:2    | Noticed Leoronai's ghost (adept MiBe)
 33273 | Elf:2    | Found a runed translucent gate.
 33960 | Elf:2    | Killed Leoronai's ghost
 35097 | Elf:2    | Received a gift from Trog
 35356 | Elf:2    | Noticed Nikola
 35404 | Elf:2    | Killed Nikola
 35528 | Elf:3    | Entered Level 3 of the Elven Halls
 36521 | Elf:3    | Gained mutation: Your spells are a little harder to cast,
                  | but a little more powerful. [mutagenic glow]
 36571 | Elf:3    | Got a warped turquoise ring
 36573 | Elf:3    | Identified the ring "Ishufoari" {Fire rN+ Dex+5} (You found
                  | it on level 3 of the Elven Halls)
 37474 | Elf:3    | Identified the cursed +1 chain mail of the Stars {Dex+2}
 38044 | Elf:3    | Reached skill level 10 in Dodging
 38051 | Elf:3    | Received a gift from Trog
 38286 | Elf:3    | Reached skill level 23 in Shields
 38286 | Elf:3    | Reached XP level 20. HP: 36/182 MP: 8/21
 38684 | Elf:3    | Got an ichor-stained dagger
 38685 | Elf:3    | Identified the +8 dagger of Deformation {venom, +Fly} (You
                  | found it on level 3 of the Elven Halls)
 38730 | Elf:3    | Found the +6 shillelagh "Devastator" {shatter}
 38744 | Elf:3    | Reached skill level 5 in Throwing
 38796 | Elf:3    | Got a sapphire morningstar
 38797 | Elf:3    | Identified the cursed +2 morningstar of the Bouncing
                  | Blessings {speed, +Inv rElec} (You found it on level 3 of
                  | the Elven Halls)
 38850 | Elf:3    | Got a scorched hand crossbow
 38851 | Elf:3    | Identified the +3 hand crossbow "Ultimatum" {velocity,
                  | +Blink rPois rF+} (You found it on level 3 of the Elven
                  | Halls)
 38853 | Elf:3    | Identified Sif Muna's Tome of Earth and Flight
 39256 | Vaults:1 | Entered Level 1 of the Vaults
 39565 | Vaults:1 | Identified the +5 halberd of the Inquisitive Suns {drain,
                  | *Corrode +Fly Dex+3}
 40246 | Vaults:1 | Reached skill level 1 in Crossbows
 40279 | Vaults:1 | Received a gift from Trog
 40617 | Vaults:1 | Got a smoking leather armour
 40628 | Vaults:1 | Identified the cursed +0 leather armour of Wu Jian's Scorn
                  | {Int+6} (You found it on level 1 of the Vaults)
 40891 | Vaults:1 | Received a gift from Trog
 41837 | Vaults:2 | Found a portal to a secret trove of treasure.
 41977 | Vaults:2 | Received a gift from Trog
 42342 | Vaults:3 | Noticed Agnes
 42345 | Vaults:3 | Noticed Frederick
 42367 | Vaults:3 | Killed Frederick
 42367 | Vaults:3 | Reached skill level 15 in Axes
 42373 | Vaults:3 | Killed Agnes
 42373 | Vaults:3 | Reached XP level 21. HP: 138/191 MP: 22/22
 42539 | Vaults:3 | Received a gift from Trog
 42649 | Vaults:3 | Found Isu Beru's General Store.
 42675 | Vaults:3 | Bought a ration for 55 gold pieces
 42675 | Vaults:3 | Bought a scroll of identify for 22 gold pieces
 42775 | Vaults:3 | Found a staircase to the Crypt.
 42947 | Vaults:3 | Reached skill level 24 in Shields
 43235 | Vaults:3 | Reached skill level 1 in Short Blades
 43699 | Vaults:4 | Received a gift from Trog
 43804 | Vaults:4 | Cast into level 3 of the Abyss (a distortion unwield)
 43843 | Abyss:3  | Got a faintly humming buckler
 43844 | Abyss:3  | Identified the +0 buckler "Juugrole" {rPois Dex+2} (You
                  | found it on level 3 of the Abyss)
 43925 | Abyss:3  | Found a transporter.
 43980 | Abyss:3  | Received a gift from Trog
 43982 | Abyss:3  | Got a pitted great mace {god gift}
 44105 | Vaults:4 | Escaped the Abyss
 44112 | Vaults:4 | Reached skill level 5 in Evocations
 44267 | Vaults:4 | Received a gift from Trog
 44287 | Vaults:4 | Got an encrusted broad axe {god gift}
 44288 | Vaults:4 | Identified the +7 broad axe "Nutorpha" {venom, rC+ Stlth+}
                  | (Trog gifted it to you on level 4 of the Vaults)
 44294 | Vaults:4 | Identified the +4 great mace of Nazesh {crush, +Fly rPois
                  | rN+ MR-} (Trog gifted it to you on level 3 of the Abyss)
 44748 | Vaults:4 | Received a gift from Trog
 44781 | Vaults:4 | Reached XP level 22. HP: 202/202 MP: 12/25
 45154 | Vaults:4 | HP: 7/202 [earth elemental[an ironheart preserver] (23)]
 45428 | Vaults:3 | Upgraded the game from 0.25-a0-100-g33052ceff8 to
                  | 0.25-a0-105-g2289b3b9f1
 45680 | Vaults:4 | Reached skill level 25 in Shields
 46015 | Crypt:1  | Entered Level 1 of the Crypt
 46033 | Crypt:1  | Found a magical portal.
 46108 | WizLab   | Reached skill level 15 in Armour
 46321 | WizLab   | Received a gift from Trog
 47302 | WizLab   | Paralysed by you for 2 turns
 47803 | WizLab   | Identified the +2 quick blade "Imarchea" {venom, rPois}
 47821 | WizLab   | HP: 2/200 [Rouval the Cloud Mage/the air (17)]
 47896 | WizLab   | Identified the Papyrus of Flight
 48810 | Crypt:1  | Received a gift from Trog
 50080 | Crypt:3  | Entered Level 3 of the Crypt
 50427 | Crypt:3  | Received a gift from Trog
 50514 | Crypt:3  | Identified Sif Muna's Almanac of Supportive Cold
 50527 | Crypt:3  | Identified the Handbook of Attacks and Fire
 50649 | Crypt:3  | Reached skill level 26 in Shields
 50677 | Crypt:3  | Reached XP level 23. HP: 194/211 MP: 27/27
 50775 | Crypt:3  | Found a basalt altar of Yredelemnul.
 50998 | Crypt:3  | Got a faintly glowing trident
 50999 | Crypt:3  | Identified the +9 trident of Xyacrur {vamp, rF+ rC+ Stlth+}
                  | (You found it on level 3 of the Crypt)
 51432 | Crypt:3  | Received a gift from Trog
 51745 | Crypt:3  | Found a staircase to the Tomb.
 51784 | Crypt:3  | Got a steaming long sword
 51785 | Crypt:3  | Identified the cursed +0 long sword of Scorn {elec, rC+
                  | Int+4} (You found it on level 3 of the Crypt)
 52900 | Crypt:3  | Reached skill level 15 in Long Blades
 53410 | D:15     | Entered Level 15 of the Dungeon
 53469 | D:15     | Found a huge runed gate.
 53469 | D:15     | Found a huge runed gate.
 53469 | D:15     | Found a huge runed gate.
 53469 | D:15     | Found a huge runed gate.
 53470 | D:15     | Found a huge runed gate.
 53474 | D:15     | Found a huge runed gate.
 53475 | D:15     | Found a huge runed gate.
 53475 | D:15     | Found a huge runed gate.
 53477 | D:15     | Found a huge runed gate.
 53478 | D:15     | Found a huge runed gate.
 53481 | D:15     | Found a huge runed gate.
 53481 | D:15     | Found a huge runed gate.
 53481 | D:15     | Found a huge runed gate.
 53481 | D:15     | Found a huge runed gate.
 53481 | D:15     | Found a huge runed gate.
 53626 | D:15     | Found a huge runed gate.
 53626 | D:15     | Found a huge runed gate.
 53626 | D:15     | Found a huge runed gate.
 53628 | D:15     | Found a huge runed gate.
 53631 | D:15     | Found a huge runed gate.
 53636 | D:15     | Found a huge runed gate.
 53636 | D:15     | Found a huge runed gate.
 53643 | D:15     | Found a huge runed gate.
 53643 | D:15     | Found a huge runed gate.
 53643 | D:15     | Found a huge runed gate.
 53644 | D:15     | Found a huge runed gate.
 53644 | D:15     | Found a huge runed gate.
 53646 | D:15     | Found a huge runed gate.
 53690 | D:15     | Found a huge runed gate.
 53690 | D:15     | Found a huge runed gate.
 53690 | D:15     | Found a huge runed gate.
 53690 | D:15     | Found a huge runed gate.
 53690 | D:15     | Found a huge runed gate.
 53690 | D:15     | Found a huge runed gate.
 53752 | D:15     | Noticed Louise
 53779 | D:15     | Killed Louise
 53891 | D:15     | Received a gift from Trog
 53925 | D:15     | Found a staircase to the Depths.
 54662 | Depths:1 | Entered Level 1 of the Depths
 54891 | Depths:1 | Found a one-way gate leading to the halls of Pandemonium.
 54922 | Depths:1 | Noticed the Enchantress
 54966 | Depths:1 | Received a gift from Trog
 54994 | Depths:1 | Killed the Enchantress
 55384 | Slime:1  | Entered Level 1 of the Pits of Slime
 55387 | Slime:1  | Gained mutation: You tend to lose your temper in combat. [a
                  | shining eye]
 55389 | Slime:1  | Gained mutation: You are clumsy. (Dex -2) [a shining eye]
 55447 | Slime:1  | Gained mutation: Armour fits poorly on your strangely
                  | shaped body. [a shining eye]
 56151 | Slime:1  | Gained mutation: Your body sometimes deteriorates upon
                  | taking damage. [a shining eye]
 56154 | Slime:1  | Gained mutation: Scrolls take you a little longer to read.
                  | [a shining eye]
 56168 | Slime:1  | Received a gift from Trog
 56308 | Slime:3  | Gained mutation: You are occasionally teleported next to
                  | monsters. [a shining eye]
 56321 | Slime:3  | Reached XP level 24. HP: 220/223 MP: 26/27
 56340 | Slime:3  | Received a gift from Trog
 57086 | Slime:5  | Entered Level 5 of the Pits of Slime
 57176 | Slime:5  | Noticed the Royal Jelly
 57206 | Slime:5  | HP: 10/225 [acid[the Royal Jelly] (7)]
 57210 | Slime:5  | HP: 3/225 [acid (5)]
 57210 | Slime:5  | Killed from afar by an acid blob

Levels and vault maps discovered:
D:1:      elethiomel_arrival_fortress_basement, layout_basic, st_stairs_9,
          minmay_misc_feat_diagonals
D:2:      lemuel_upstairs_altar, layout_basic, vehumet_crystals
D:3:      layout_basic, old_standard_altar, chequers_ecumenical_altar_grove,
          uniq_ijyb, uniq_natasha
D:4:      layout_loops_ring, lemuel_doored_altar, supply_closet_lemuel,
          roderic_roman_lattice, corexii_checkpoint_b, uniq_edmund
D:5:      layout_loops_ring, first_ration
D:6:      layout_gridville, nicolae_overflow_hidden_temple,
          minmay_temple_entry_enclosed_plants, serial_bayou,
          serial_bayou_pond_e, serial_bayou_pond_e, serial_bayou_shore_a,
          serial_bayou_pond_e
D:7:      layout_cave_pools, serial_glass, glass_columns_c, glass_columns_c,
          minmay_strange_pillars, grunt_ogre_cave, minmay_misc_feat_square,
          minmay_misc_feat_room, xom_teletrap_fun
D:8:      layout_rooms, slow_altar_1, uniq_grum
D:9:      minmay_imperfect_grid, layout_basic, kennysheep_mini_moat,
          nicolae_tso_besieged_by_evil, lemuel_round_altar, serial_shops, shop,
          kennysheep_cross_bottleneck, hex_tiny, minmay_misc_feat_alley,
          st_stairs_8
D:10:     layout_rooms, lair_entry_dummy, erik_orc_1
D:11:     layout_small_grid, basic_altar, uniq_sonja
D:12:     layout_irregular_city, gauntlet_entry_generic,
          portal_ice_cave_demonic_guard, nicolae_ru_the_path_less_chosen,
          uniq_josephine
D:13:     layout_roguey, basic_altar
D:14:     minmay_wavy_crystal, layout_rooms, grunt_vaults_entry_fortified,
          kennysheep_kite_vault
D:15:     gammafunk_enter_depths_forms, layout_cave_pools,
          minmay_misc_feat_four_crosses, door_vault, uniq_louise
Lair:1:   layout_chaotic_city, patterned_corridor
Lair:2:   cheibrodos_lair_overgrown_chateau, layout_regular_city,
          minmay_snake_entry_spellcaster, serial_bayou, serial_bayou_pond_e,
          serial_bayou_crossing, serial_bayou_ford_a, serial_bayou_pond_a,
          serial_bayou_pond_d, serial_bayou_pond_c, beast_lair_carwin_2,
          lemuel_fruit_fields
Lair:3:   layout_hall_layers, nicolae_swamp_entry_splash_gauntlet,
          uniq_gastronok
Lair:4:   layout_gridlike, uniq_rupert, uniq_urug
Lair:5:   layout_regular_city, grunt_megastairs_3
Lair:6:   minmay_lair_end_enchanted_forest, layout_misc_corridors, slime_dummy,
          columned_hall_lemuel
Swamp:1:  layout_basic_swamp, evilmike_swamp_ruin_house_4, swamp_pool1
Swamp:2:  layout_basic_swamp, nicolae_swamp_very_dense_foliage, swamp_pool2,
          uniq_kirke
Swamp:3:  layout_falls_marsh, ebering_ghost_inner_flame,
          evilmike_swamp_ruin_house_5, infiniplex_staircase_pool
Swamp:4:  swamp, layout_basic_swamp
Snake:1:  layout_onion, uniq_roxanne
Snake:2:  layout_rooms
Snake:3:  layout_onion_interference, drop_trap, uniq_aizul, uniq_vashnia,
          uniq_asterion
Snake:4:  grunt_snake_rune_serpentine_throne, layout_misc_corridors
Slime:1:  layout_caves
Slime:2:  layout_caves
Slime:3:  layout_caves
Slime:4:  layout_caves
Slime:5
Orc:1:    nicolae_orc_accident_1, layout_diamond_mine
Orc:2:    grunt_orc_gardens, layout_diamond_mine, grunt_orc_garden,
          grunt_orc_garden, grunt_orc_garden, grunt_orc_garden
Elf:1:    eino_elf_arrival_sip, layout_geoelf_grid, hangedman_elf_disciples,
          minmay_shoptagon
Elf:2:    layout_gridlike, gammafunk_ghost_tricky_traps, uniq_nikola
Elf:3:    minmay_elf_hall, layout_geoelf_castle
Vaults:1: st_star, nicolae_vaults_network_periphery, v_misc_27,
          ontoclasm_vaults_loading_screen, nicolae_vaults_little_ls,
          layout_vaults_chaotic_city
Vaults:2: hangedman_vaults_snaps, v_misc_33, vaults_room_corners,
          nicolae_vaults_network_star, nicolae_vaults_network_quinsquares
          [nicolae_vaults_network_quincunx_subvault,
          nicolae_vaults_network_quincunx_subvault,
          nicolae_vaults_network_quincunx_subvault,
          nicolae_vaults_network_quincunx_subvault],
          nicolae_vaults_circle_grid_b, vaults_standard_mumra_x,
          ontoclasm_vaults_ring_small, grunt_vaults_focal,
          nicolae_vaults_specimen_jars, vaults_dpeg_encased_lava,
          layout_vaults_big_cross, nicolae_trove_entry_crossroad
Vaults:3: minmay_crypt_entry_simple_corners, hangedman_vaults_corner_blocks,
          sword_in_stone, v_misc_25, vaults_room_door_ring,
          vaults_room_door_ring, nicolae_vaults_gold_heap, vaults_dpeg_hooks,
          nicolae_vaults_mini_display_case, layout_vaults_omnigrid,
          serial_shops, shop
Vaults:4: ontoclasm_vaults_eye, nicolae_vaults_little_squares_1, st_cross,
          nicolae_vaults_what_the_h, nicolae_vaults_arrows,
          nicolae_vaults_little_squares_4, nicolae_vaults_angled_halls,
          vaults_mumra_minichess_inversion, hangedman_vaults_corner_blocks,
          vaults_room_hallway, nicolae_vaults_little_squares_4,
          vaults_room_door_ring, layout_vaults_omnibox
Crypt:1:  layout_chaotic_city, infiniplex_enter_wizlab_water
Crypt:2:  layout_regular_city, nicolae_crypt_niches
Crypt:3:  evilmike_haunted_forest
Depths:1: layout_gridlike, pan_entry, grunt_metal_band,
          hangedman_abyss_or_decor_jellyfish_corner,
          ebering_ghost_reflecting_pool, chequers_serial_rivers_micro_d,
          minmay_statues_item, nicolae_twisting_strands,
          nrook_kobold_shadow_demons, serial_bayou_shore_b, uniq_mara,
          uniq_enchantress

Skill      XL: |  1  2  3  4  5  6  7  8  9 10 11 12 13 14 15 16 17 18 19 20 21 22 23 24 |
---------------+-------------------------------------------------------------------------+-----
Shields        | 4 5 6 7 8 10 11 13 15 17 18 20 21 23 24 26 | 26.9
Fighting       | 4 5 6 7 9 10 11 12 13 14 15 16 17 18 19 20 | 20.3
Armour         | 4 5 6 7 9 10 11 12 13 14 15 | 15.5
Long Blades    | 3 5 6 7 9 10 11 12 13 14 15 | 15.1
Dodging        | 1 2 3 5 7 8 9 10 11 | 11.6
Polearms       | 2 5 9 11 12 13 14 15 | 15.8
Slings         | 1 |  1.3
Stealth        | 1 2 3 4 |  4.4
Throwing       | 1 2 3 4 5 |  5.2
Evocations     | 1 2 3 6 7 |  7.3
Maces & Flails | 6 7 10 11 | 11.2
Axes           | 3 7 11 12 15 16 18 | 18.8
Crossbows      | 1 2 |  2.2
Short Blades   | 2 |  2.3

Action                   |  1- 3 |  4- 6 |  7- 9 | 10-12 | 13-15 | 16-18 | 19-21 | 22-24 || total
-------------------------+-------+-------+-------+-------+-------+-------+-------+-------++-------
Melee: Long sword        |    89 |   122 |    34 |       |       |       |     1 |       ||   246
       Headbutt          |     9 |    22 |    53 |   106 |   324 |   442 |   698 |   707 ||  2361
       Spear             |       |       |   338 |   626 |  1082 |   223 |   385 |   150 ||  2804
       Morningstar       |       |       |       |       |   167 |   308 |    19 |     3 ||   497
       Hand axe          |       |       |       |       |   159 |   222 |   276 |   175 ||   832
       Demon trident     |       |       |       |       |   233 |    12 |       |       ||   245
       Trident           |       |       |       |       |       |   207 |     3 |       ||   210
       Scimitar          |       |       |       |       |       |   397 |   615 |  1021 ||  2033
       Broad axe         |       |       |       |       |       |   519 |   616 |   547 ||  1682
       Falchion          |       |       |       |       |       |    74 |   270 |    29 ||   373
       Dagger            |       |       |       |       |       |       |    65 |    10 ||    75
 Fire: Hunting sling     |       |       |     6 |       |       |       |       |       ||     6
       Arbalest          |       |       |       |       |       |     5 |       |       ||     5
       Hand crossbow     |       |       |       |       |       |       |    11 |    13 ||    24
Throw: Dart              |       |       |     6 |     9 |    24 |       |       |       ||    39
       Boomerang         |       |       |       |       |    20 |    49 |    11 |    14 ||    94
Invok: Berserk           |       |       |       |    15 |    14 |     6 |     4 |     4 ||    43
       Trog's Hand       |       |       |       |     6 |       |     1 |     6 |     8 ||    21
       Brothers in Arms  |       |       |       |     3 |     1 |     1 |     1 |     1 ||     7
 Abil: Evoke Invisibilit |       |       |       |       |       |       |     3 |     1 ||     4
       Evoke Blink       |       |       |       |       |       |       |       |     8 ||     8
Evoke: Lamp of fire      |       |       |       |       |     2 |     5 |     5 |     2 ||    14
       Wand              |       |       |       |       |     2 |    31 |     7 |     2 ||    42
       Phial of floods   |       |       |       |       |       |     1 |     4 |     4 ||     9
       Lightning rod     |       |       |       |       |       |       |       |     5 ||     5
       Sack of spiders   |       |       |       |       |       |       |       |     3 ||     3
  Use: Potion            |       |     1 |     5 |       |     8 |     5 |     9 |     9 ||    37
       Scroll            |       |     3 |     7 |    22 |    15 |    20 |    17 |     9 ||    93
 Stab: Distracted        |       |       |       |     3 |     1 |       |     2 |     3 ||     9
       Confused          |       |       |       |     1 |       |     1 |       |       ||     2
       Sleeping          |       |       |       |       |     1 |       |       |     3 ||     4
       Paralysed         |       |       |       |       |     3 |       |       |       ||     3
  Eat: Chunk             |     1 |     3 |     9 |    17 |    20 |    12 |    21 |     9 ||    92
       Ration            |       |     1 |     1 |     6 |     6 |    10 |     8 |    12 ||    44
Armor: Scale mail        |    60 |     7 |       |     4 |   171 |     8 |       |   166 ||   416
       Chain mail        |       |    63 |    95 |    62 |       |   291 |   193 |    67 ||   771
       Skin              |       |       |    45 |       |       |       |       |       ||    45
       Plate armour      |       |       |       |       |       |    66 |   203 |    46 ||   315
       Acid dragon scale |       |       |       |       |       |       |       |    72 ||    72
Dodge: Dodged            |    34 |    32 |    40 |    80 |   366 |   610 |   367 |   453 ||  1982
Block: Shield            |    51 |    70 |   151 |   223 |  1291 |  2217 |  2044 |  1779 ||  7826
       Reflection        |       |       |       |       |    69 |   194 |   150 |    52 ||   465
       Other             |       |       |       |       |       |    21 |     1 |       ||    22
       Rpst.: Long sword |    11 |     7 |       |       |       |       |       |       ||    18
       Scimitar          |       |       |       |       |       |    19 |    26 |    35 ||    80
       Falchion          |       |       |       |       |       |     1 |     9 |     1 ||    11

Table legend:
 A = Non-vault XP
 B = Vault XP
 C = Vault XP percentage of total XP
 D = Non-vault monster count
 E = Vault monster count
 F = Vault count percentage of total count
                 A         B        C        D         E       F
            +---------+---------+-------+---------+---------+-------
      Total |  587455 |  445166 |  43.1 |    1421 |     714 |  33.4
            +---------+---------+-------+---------+---------+-------
        D:1 |      60 |       5 |   7.7 |      28 |       4 |  12.5
        D:2 |      81 |       0 |   0.0 |      25 |       0 |   0.0
        D:3 |     154 |      71 |  31.6 |      20 |       2 |   9.1
        D:4 |    1023 |     163 |  13.7 |      39 |       3 |   7.1
        D:5 |     381 |       0 |   0.0 |      16 |       0 |   0.0
        D:6 |    1007 |       0 |   0.0 |      25 |       0 |   0.0
        D:7 |     320 |     113 |  26.1 |       5 |       1 |  16.7
        D:8 |    1937 |     441 |  18.5 |      32 |       4 |  11.1
        D:9 |    2498 |    2358 |  48.6 |      32 |      27 |  45.8
       D:10 |     894 |     604 |  40.3 |       8 |      17 |  68.0
       D:11 |    5783 |     571 |   9.0 |      34 |       1 |   2.9
       D:12 |    7365 |    2547 |  25.7 |      60 |       7 |  10.4
       D:13 |    7472 |       0 |   0.0 |      33 |       0 |   0.0
       D:14 |   12923 |   12951 |  50.1 |      33 |      29 |  46.8
       D:15 |    9021 |   22190 |  71.1 |      23 |      29 |  55.8
     Lair:1 |    2693 |       0 |   0.0 |       8 |       0 |   0.0
     Lair:2 |    2161 |    4973 |  69.7 |      11 |      21 |  65.6
     Lair:3 |    3676 |    3388 |  48.0 |      13 |       7 |  35.0
     Lair:4 |    6105 |    2774 |  31.2 |      23 |       1 |   4.2
     Lair:5 |    6057 |     452 |   6.9 |      19 |       1 |   5.0
     Lair:6 |   16572 |    7909 |  32.3 |      40 |      45 |  52.9
    Swamp:1 |   15729 |       0 |   0.0 |      34 |       0 |   0.0
    Swamp:2 |   17415 |    2986 |  14.6 |      44 |       5 |  10.2
    Swamp:3 |   17131 |    2015 |  10.5 |      36 |       1 |   2.7
    Swamp:4 |   15586 |   18043 |  53.7 |      32 |      26 |  44.8
    Snake:1 |   20887 |    2029 |   8.9 |      35 |       1 |   2.8
    Snake:2 |   21509 |    1450 |   6.3 |      35 |       1 |   2.8
    Snake:3 |   10772 |   13206 |  55.1 |      22 |      11 |  33.3
    Snake:4 |   15532 |   36306 |  70.0 |      30 |      57 |  65.5
    Slime:1 |   24840 |       0 |   0.0 |      36 |       0 |   0.0
    Slime:2 |   17591 |       0 |   0.0 |      30 |       0 |   0.0
    Slime:3 |   22333 |       0 |   0.0 |      43 |       0 |   0.0
    Slime:4 |   10784 |       0 |   0.0 |      17 |       0 |   0.0
    Slime:5 |    9210 |    4724 |  33.9 |       8 |       2 |  20.0
      Orc:1 |    4776 |    3092 |  39.3 |      42 |       9 |  17.6
      Orc:2 |    1162 |    7373 |  86.4 |      13 |      22 |  62.9
      Elf:1 |   16299 |    7376 |  31.2 |      29 |      11 |  27.5
      Elf:2 |   18535 |   34936 |  65.3 |      30 |      40 |  57.1
      Elf:3 |   15050 |   35443 |  70.2 |      25 |      23 |  47.9
   Vaults:1 |   37145 |   17231 |  31.7 |      70 |      16 |  18.6
   Vaults:2 |   29693 |   12235 |  29.2 |      52 |      21 |  28.8
   Vaults:3 |   25681 |   15397 |  37.5 |      44 |      10 |  18.5
   Vaults:4 |   43732 |   51079 |  53.9 |      62 |      78 |  55.7
    Crypt:1 |   36047 |       0 |   0.0 |      49 |       0 |   0.0
    Crypt:2 |   14244 |       0 |   0.0 |      20 |       0 |   0.0
    Crypt:3 |       0 |   67757 | 100.0 |       0 |     104 | 100.0
   Depths:1 |   16297 |   12602 |  43.6 |      18 |      10 |  35.7
    Abyss:3 |   21292 |    5079 |  19.3 |      38 |      12 |  24.0
      IceCv |       0 |    2806 | 100.0 |       0 |      10 | 100.0
     WizLab |       0 |   25660 | 100.0 |       0 |      35 | 100.0
   Gauntlet |       0 |    4831 | 100.0 |       0 |      10 | 100.0
            +---------+---------+-------+---------+---------+-------
